 Seeded DCSS version 0.28-a0-726-g4a9143789a (webtiles) character file.

Game seed: 7516650237348835793 (custom seed)

35 flotson the Sneak (level 3, 0/29 HPs)
             Began as a Demonspawn Delver on Oct 27, 2021.
             Slain by an iron imp (9 damage)
             ... summoned by Natasha
             ... on level 4 of the Dungeon.
             The game lasted 00:01:55 (484 turns).

flotson the Sneak (Demonspawn Delver)                Turns: 484, Time: 00:01:56

Health: 0/29       AC:  1    Str: 13    XL:     3   Next: 16%
Magic:  3/3        EV: 12    Int: 11    God:
Gold:   32         SH:  4    Dex: 14    Spells: 2/2 levels left

rFire   . . .      SeeInvis .   a - +0 short sword
rCold   . . .      Faith    .   (no shield)
rNeg    . . .      Spirit   .   b - +0 leather armour
rPois   .          Reflect  .   (no helmet)
rElec   +          Harm     .   (no cloak)
rCorr   .          Rampage  .   (no gloves)
Will    .....                   (no boots)
Stlth   ++........              (no amulet)
HPRegen 0.09/turn               (no ring)
MPRegen 0.08/turn               (no ring)

@: slowed, very slow
A: hooves 1, demonic magic 1, large bone plates 1, deformed body, electricity
resistance
a: no special abilities


You were on level 4 of the Dungeon.
You visited 1 branch of the dungeon, and saw 2 of its levels.

You collected 32 gold pieces.

Inventory:

Hand Weapons
 a - a +0 short sword (weapon)
 j - the +3 hand axe of Emiaqigg {flame, rElec rPois}
   (You found it on level 5 of the Dungeon)

   It burns those it strikes, dealing additional fire damage.
   Big, fiery blades are also staple armaments of hydra-hunters.
   rElec:     It insulates you from electricity.
   rPois:     It protects you from poison.
Missiles
 h - 7 poisoned darts (quivered)
Armour
 b - a +0 leather armour (worn)
Wands
 e - a wand of polymorph (7)
 g - a wand of digging (3)
Scrolls
 c - a scroll of fog


   Skills:
 + Level 3.2 Fighting
 - Level 1.7(1.9) Short Blades
 + Level 1.0(1.5) Long Blades
 + Level 0.9 Throwing
 + Level 0.9 Armour
 + Level 2.1 Dodging
 - Level 4.5 Stealth


You had 2 spell levels left.
You didn't know any spells.
Your spell library was empty.

Dungeon Overview and Level Annotations

Branches:
Dungeon (5/15)
 Temple: D:4-7

Altars:

Annotations:
D:4 Menkaure, Natasha


Innate Abilities, Weirdness & Mutations

You have large cloven feet.
Spells you cast may paralyse adjacent enemies.
You are partially covered in large bone plates. (SH +4)
Armour fits poorly on your strangely shaped body.
You are resistant to electric shocks. (rElec)


Message History

You destroy the adder skeleton!
Your Long Blades skill increases to level 1!
No target in view!
No target in view!
No target in view!
No target in view!
You now have 32 gold pieces (gained 14).
Menkaure, Prince of Dust comes into view.
Natasha hisses angrily.
Natasha casts a spell at you.
You feel yourself slow down.
Natasha casts a spell.
Natasha howls an incantation.
You feel disoriented.
Natasha mumbles some strange words.
Natasha stares at you and mumbles some strange words.
You feel as though you will be slow longer.
Natasha casts a spell at you. The magic dart hits you.
The iron imp shouts, "Go and return not, thou grime-gilt full-gorged dandiprat!"
As you read the scroll of magic mapping, it crumbles to dust.
You feel aware of your surroundings. Natasha casts a spell at you.
The magic dart hits you!
Natasha mumbles some strange words.
Natasha mumbles some strange words.
The crimson imp closely misses you. Natasha closely misses you.
The crimson imp hits you. x2
* * * LOW HITPOINT WARNING * * *
Natasha barely misses you. Natasha completely misses you.
Found a grey potion.
Natasha stares at you and mumbles some strange words.
You resist with significant effort.
An adder skeleton comes into view.
The iron imp disappears in a puff of smoke!
The iron imp shouts, "Despair, thou dissembling nose-picking flim-flammer!"
The iron imp puffs mist at you. The iron imp hits you!
You die...

### ** ####* #.## ,*
*...#* #..# * ,***
**#..###..# *
,,,***** *,*#...#..#
* ,,,,,,,*
*,**#.....# #####
**,,,,,*
#.####5...####...##
***,,,,*
#...@5h.§......#§.#
* *,,,,*
*#....####...#####.#
*,,,,****#..####
#..## #h##
*,,,,,,...!,* #..#
#.5#
***,,,,,,..Z,,**
#..# ##.##
**,,,,***..**,,**
#..# #..# ,,,,,**
*.,***,,*** #..#*
##..# *,,,,* *,,*
**,,,**#...*####....
**,,,* *,,*
*,,,,,,,,,,.M.......


You could see an iron imp (summoned), Natasha, a crimson imp (summoned) and an
adder skeleton.

Vanquished Creatures
  A hound (D:4)
  An adder skeleton (D:4)
2 creatures vanquished.

Notes
Turn   | Place    | Note
-------+----------+-------------------------------------------
     0 | D:5      | flotson the Demonspawn Delver began the quest for the Orb.
     0 | D:5      | Reached XP level 1. HP: 18/18 MP: 1/1
    47 | D:5      | Noticed an ice beast
    63 | D:5      | Noticed a hound
    72 | D:5      | Identified the +3 hand axe of Emiaqigg {flame, rElec rPois}
    82 | D:4      | Noticed Natasha
   101 | D:4      | Gained mutation: You are resistant to electric shocks.
                  | (rElec) [potion of mutation]
   101 | D:4      | Gained mutation: Armour fits poorly on your strangely
                  | shaped body. [potion of mutation]
   101 | D:4      | Gained mutation: You are partially covered in large bone
                  | plates. (SH +4) [potion of mutation]
   111 | D:4      | Killed a hound
   112 | D:4      | Gained mutation: Spells you cast may paralyse adjacent
                  | enemies. [demonic ancestry]
   112 | D:4      | Reached XP level 2. HP: 2/24 MP: 2/2
   112 | D:4      | Gained mutation: You have large cloven feet. [demonic
                  | ancestry]
   112 | D:4      | Reached XP level 3. HP: 3/29 MP: 3/3
   437 | D:4      | Reached skill level 1 in Long Blades
   462 | D:4      | Noticed Menkaure
   484 | D:4      | Slain by an iron imp

Illustrated notes

Levels and vault maps discovered:
D:4:      layout_layer_cave, uniq_natasha, uniq_menkaure
D:5:      layout_loops_ring, minmay_temple_entry_butterflies

Skill      XL: |  1  2  3 |
---------------+----------+-----
Dodging        | 2 |  2.1
Long Blades    | 1 |  1.0
Fighting       | |  3.2
Short Blades   | |  1.7
Throwing       | |  0.9
Armour         | |  0.9
Stealth        | |  4.5

Action                   || total
-------------------------++-------
Melee: Short sword       ||    14
       Kick              ||     2
  Use: Potion            ||     2
       Scroll            ||     2
Armor: Leather armour    ||     2
Dodge: Dodged            ||    11

Table legend: (Time is in decaauts)
 A = Elapsed time spent in this place.
 B = Non-inter-level travel time spent in this place.
 C = Inter-level travel time spent in this place.
 D = Time resting spent in this place.
 E = Time spent auto-exploring this place.
 F = Levels seen in this place.
 G = Mean time per level.
                   A        B        C        D        E       F      G
               +--------+--------+--------+--------+--------+-----+--------+
         Total |    475 |    475 |      0 |    205 |    125 |   2 |  237.5 |
       Dungeon |    475 |    475 |      0 |    205 |    125 |   2 |  237.5 |
               +--------+--------+--------+--------+--------+-----+--------+

Top non-repeatable levels by time:
     D:4: 396 daAuts
     D:5: 79 daAuts
